 Dungeon Crawl Stone Soup version 0.31-a0-344-gd109795599 (webtiles) character file.

Game seed: 4853969858728689371

86 AdnanSaban the Covered (level 4, -1/29 HPs)
             Began as a Gargoyle Fighter on July 22, 2023.
             Killed by divine providence
             ... invoked by an orc priest
              (10 damage)
             ... on level 2 of the Dungeon.
             The game lasted 00:02:11 (1848 turns).

AdnanSaban the Covered (Gargoyle Fighter)           Turns: 1848, Time: 00:02:12

Health: -1/29      AC: 10    Str: 22    XL:     4   Next: 49%
Magic:  4/4        EV:  9    Int:  8    God:
Gold:   181        SH:  4    Dex:  9    Spells: 3/3 levels left

rFire   . . .        a - +0 flail
rCold   . . .        c - +0 buckler
rNeg    + . .        b - +0 scale mail
rPois   ∞            (no helmet)
rElec   +            (no cloak)
rCorr   .            (no gloves)
SInv    .            (no boots)
Will    .....        (no amulet) Stlth
                     (no ring)
HPRegen 0.24/turn    (no ring)
MPRegen 0.09/turn

%: no passive effects
@: no status effects
A: sickness immunity, AC +3, negative energy resistance 1, electricity
resistance, torment resistance 1, petrification resistance
a: no special abilities


You were on level 2 of the Dungeon.
You visited 1 branch of the dungeon, and saw 3 of its levels.

You collected 181 gold pieces.

Inventory:

Hand Weapons
 a - a +0 flail (weapon)
Armour
 b - a +0 scale mail (worn)
 c - a +0 buckler (worn)
Jewellery
 e - a ring of protection from cold
 m - a ring of magical power
Scrolls
 j - 4 scrolls of blinking {unknown}
 l - 3 scrolls of identify {unknown}
 o - a scroll of teleportation {unknown}
 p - a scroll of torment {unknown}
Potions
 d - a potion of might
 f - 2 potions of haste {unknown}
 g - 2 potions of brilliance {unknown}
 h - a potion of heal wounds {unknown}
 i - 2 potions of mutation {unknown}
 k - a potion of curing {unknown}
 n - a potion of attraction {unknown}
 q - a potion of cancellation {unknown}


   Skills:
 + Level 4.0 Fighting
 + Level 3.1 Maces & Flails
 + Level 4.0 Armour
 + Level 0.3 Dodging
 + Level 3.6 Shields


You had 3 spell levels left.
You didn't know any spells.
Your spell library contained the following spells:

 Spells                   Type           Power      Damage    Failure   Level
 Call Canine Familiar     Summ           0%         N/A       99%         3
 Gell's Gravitas          Tloc           0%         N/A       99%         3
 Portal Projectile        Hex/Tloc       0%         N/A       99%         3
 Teleport Other           Tloc           0%         N/A       99%         3
 Leda's Liquefaction      Hex/Erth       0%         N/A       100%        4
 Dispersal                Tloc           0%         N/A       100%        6


Dungeon Overview and Level Annotations

Branches:
Dungeon (3/15)

Altars:
Sif Muna


Innate Abilities, Weirdness & Mutations

You are immune to sickness and miasma.
Your stone body is resilient. (AC +3)
You are immune to poison.
You resist negative energy. (rN+)
You are resistant to electric shocks. (rElec)
You are resistant to unholy torment.
You are immune to petrification.


Message History

You hit the orc priest.
The orc priest is moderately wounded.
The orc priest hits you with a +0 mace.
The orc priest hits you but does no damage.
You hit the orc priest.
The orc priest is heavily wounded.
The orc priest hits you with a +0 mace.
You hit the orc priest.
The orc priest is almost dead.
You block the orc priest's attack.
You barely miss the orc priest.
The orc priest is almost dead.
The orc priest hits you but does no damage. x2
You hit the orc priest but do no damage.
The orc priest is almost dead.
You block the orc priest's attack.
You hit the orc priest but do no damage.
The orc priest is almost dead.
The orc priest hits you but does no damage.
You hit the orc priest but do no damage.
The orc priest is almost dead.
The orc priest barely misses you.
You closely miss the orc priest.
The orc priest is almost dead.
You block the orc priest's attack. x2
You barely miss the orc priest.
The orc priest is almost dead.
The orc priest looks braver for a moment.
You hit the orc priest but do no damage.
The orc priest is almost dead.
The orc priest miscasts a cantrip.
You closely miss the orc priest.
The orc priest is almost dead.
The orc priest mumbles some strange prayers to Beogh against you.
Pain shoots through your body!
You closely miss the orc priest.
The orc priest is almost dead.
The orc priest calls down the wrath of Beogh upon you.
Beogh smites you!
You die...

#####.# #.# #.# #
#.# #.# #.# # #.#
##.###.#
#####.#######.#.##.#
#########
.............###...#
#.....)..
...##.#######.#.####
#.#######
.).............####
#.#
.####.########...)##
#.# .# #.#
#.o@).######.#
.####.#
#..).........#
......#
#.....########
.###### #.....# .##
###.#.# ..####
########.#.# #....#
#.....##.#.# ..##.#
#.###.##.#.# .###.#
#.# #.##.#.#


You could see an orc priest.

Vanquished Creatures
  3 gnolls
  A worm (D:3)
  3 dart slugs
  5 orcs
  A bat (D:2)
  5 endoplasms
  2 giant cockroaches
  2 goblins
  2 hobgoblins
  3 jackals (D:1)
  4 kobolds
  2 quokkas
  2 ball pythons
  2 frilled lizards
  3 rats
40 creatures vanquished.

Notes
Turn   | Place    | Note
-------+----------+-------------------------------------------
     0 | D:1      | AdnanSaban the Gargoyle Fighter began the quest for the
                  | Orb.
     0 | D:1      | Reached XP level 1. HP: 14/14 MP: 1/1
   117 | D:1      | Reached XP level 2. HP: 12/19 MP: 2/2
   580 | D:2      | Reached XP level 3. HP: 24/24 MP: 3/3
  1474 | D:2      | Reached XP level 4. HP: 19/29 MP: 4/4
  1634 | D:3      | Found a shimmering blue altar of Sif Muna.
  1848 | D:2      | Killed from afar by an orc priest

Illustrated notes

Levels and vault maps discovered:
D:1:      psy_arrival_radial02, layout_rooms
D:2:      layout_loops_ring
D:3:      layout_rooms, nicolae_overflow_crystal_walls, kennysheep_orc_chapel

Skill      XL: |  1  2  3  4 |
---------------+-------------+-----
Armour         | 4 |  4.0
Maces & Flails | 3 |  3.1
Fighting       | 4 |  4.0
Dodging        | |  0.3
Shields        | |  3.6

Action                     |  1- 3 |  4- 6 || total
---------------------------+-------+-------++-------
  Melee: Flail             |   119 |    35 ||   154
 Armour: Scale mail        |    64 |    11 ||    75
  Dodge: Dodged            |    66 |     9 ||    75
  Block: Buckler           |    24 |     7 ||    31

Table legend: (Time is in decaauts)
 A = Elapsed time spent in this place.
 B = Non-inter-level travel time spent in this place.
 C = Inter-level travel time spent in this place.
 D = Time resting spent in this place.
 E = Time spent auto-exploring this place.
 F = Levels seen in this place.
 G = Mean time per level.
                   A        B        C        D        E       F      G
               +--------+--------+--------+--------+--------+-----+--------+
         Total |   1909 |   1839 |     70 |    206 |   1208 |   3 |  636.3 |
       Dungeon |   1909 |   1839 |     70 |    206 |   1208 |   3 |  636.3 |
               +--------+--------+--------+--------+--------+-----+--------+

Top non-repeatable levels by time:
     D:2: 858 daAuts
     D:1: 538 daAuts
     D:3: 512 daAuts
